 Dungeon Crawl Stone Soup version 0.30.0-29-ga12c61a403 (webtiles) character file.

Game seed: 6360150650716214649

436 FishyPogo the Insei (level 7, -3/52 HPs)
             Began as a Gnoll Transmuter on June 4, 2023.
             Was a Believer of Nemelex Xobeh.
             Slain by an orc wizard
             ... wielding a +0 dagger
              (4 damage)
             ... on level 4 of the Dungeon.
             The game lasted 00:09:37 (2802 turns).

FishyPogo the Insei (Gnoll Transmuter)              Turns: 2802, Time: 00:09:38

Health: -3/52      AC:  2    Str:  9    XL:     7   Next: 1%
Magic:  15/15      EV: 22    Int: 14    God:    Nemelex Xobeh [**....]
Gold:   214        SH:  0    Dex: 18    Spells: 11/17 levels left

rFire   . . .        b - melded +4 dagger
rCold   . . .        (shield currently unavailable)
rNeg    . . .        a - melded +0 robe
rPois   x            (helmet currently unavailable)
rElec   .            s - melded +0 cloak {Will+}
rCorr   .            (gloves currently unavailable)
SInv    .            t - melded +0 pair of boots
Will    .....        (no amulet)
Stlth   ++           (no ring)
HPRegen 0.28/turn    (no ring)
MPRegen 0.14/turn

%: no passive effects
@: mighty, spider-form (expiring), attractive
A: venomous fangs, tiny, (fangs 1), strong nose, distributed training,
(camouflage 1)
a: End Transformation, Renounce Religion, Draw Escape, Draw Destruction, Draw
Summoning


You were on level 4 of the Dungeon.
You worshipped Nemelex Xobeh.
Nemelex Xobeh was pleased with you.
You were a venomous arachnid creature.
You visited 1 branch of the dungeon, and saw 4 of its levels.

You collected 214 gold pieces.

Inventory:

Hand Weapons
 b - a +4 dagger (melded)
Missiles
 d - 33 stones
Armour
 a - a +0 robe (melded)
 s - a +0 cloak of willpower (melded)
 t - a +0 pair of boots (melded)
Scrolls
 c - 2 scrolls of identify {unknown}
 f - a scroll of poison {unknown}
 m - 3 scrolls of teleportation {unknown}
 n - 2 scrolls of vulnerability {unknown}
 o - a scroll of blinking {unknown}
 q - a scroll of fear {unknown}
 r - a scroll of immolation {unknown}
Potions
 e - a potion of curing
 g - 2 potions of lignification
 h - a potion of invisibility {unknown}
 l - a potion of magic
 p - a potion of brilliance {unknown}


   Skills:
 + Level 3.5 Fighting
 + Level 2.3 Short Blades
 + Level 2.3 Long Blades
 + Level 2.3 Axes
 + Level 2.3 Maces & Flails
 + Level 2.3 Polearms
 + Level 2.3 Staves
 + Level 2.3 Ranged Weapons
 + Level 2.3 Throwing
 + Level 2.3 Armour
 + Level 5.1 Dodging
 + Level 2.3 Stealth
 + Level 2.3 Shields
 + Level 7.0 Unarmed Combat
 + Level 5.5 Spellcasting
 + Level 1.8 Conjurations
 + Level 1.8 Hexes
 + Level 1.8 Summonings
 + Level 1.8 Necromancy
 + Level 1.8 Translocations
 + Level 4.2 Transmutations
 + Level 1.8 Fire Magic
 + Level 1.8 Ice Magic
 + Level 1.8 Air Magic
 + Level 1.8 Earth Magic
 + Level 1.8 Poison Magic
 + Level 2.5 Invocations
 + Level 2.3 Evocations


You had 11 spell levels left.
You knew the following spells:

 Your Spells              Type           Power      Damage    Failure   Level
a - Beastly Appendage     Tmut           30%        N/A       11%         1
b - Wereblood             Tmut           15%        N/A       13%         2
c - Spider Form           Tmut/Pois      12%        N/A       32%         3

Your spell library contained the following spells:

 Spells                   Type           Power      Damage    Failure   Level
 Ice Form                 Ice/Tmut       12%        N/A       65%         4


Dungeon Overview and Level Annotations

Branches:
Dungeon (4/15)
 Temple: D:4-7

Altars:
Elyvilon
Nemelex Xobeh

Shops:
D:2 [


Innate Abilities, Weirdness & Mutations

You are a venomous arachnid creature.
You have venomous fangs.
You are tiny and dextrous.
Your spellcasting is less reliable in this form.
Your armour is entirely melded.
You are incapable of wielding weapons or throwing items.
((You have very sharp teeth.))
Your uncanny sense of smell can sniff out nearby items.
Your experience applies equally to all skills.
((Your skin changes colour to match your surroundings (Stealth+).))


Message History

Something tries to affect you, but you resist.
Something closely misses you.
You closely miss something. Something hits you but does no damage.
You hear some strange, mumbled words.
You are confused.
You're too confused to move!
You hear some strange, mumbled words.
A magic dart appears from out of thin air!
The magic dart hits you!
* * * LOW HITPOINT WARNING * * *
Something misses you.
Okay, then.
Okay, then.
You feel better. Something closely misses you. Something hits you.
* * * LOW HITPOINT WARNING * * *
You bite something! Something barely misses you.
You hear some strange, mumbled words.
A puff of flame appears from out of thin air!
The puff of flame hits you.
* * * LOW HITPOINT WARNING * * *
You closely miss something. Something misses you. Something hits you.
* * * LOW HITPOINT WARNING * * *
It was a potion of magic.
Magic courses through your body. Something hits you.
* * * LOW HITPOINT WARNING * * *
Something hits you but does no damage.
It was a potion of attraction.
You feel attractive to monsters. Something closely misses you.
You hear some strange, mumbled words.
Something tries to affect you, but you resist.
It was a potion of might.
You feel very mighty all of a sudden.
Your transformation is almost over.
Something hits you.
* * * LOW HITPOINT WARNING * * *
Something barely misses you.
It was a potion of mutation.
You feel extremely strange.
Your skin functions as natural camouflage.
Something hits you.
You die...
Your body disappears without a glow.

##+### #.....##+##....
.##.....##..#.....
........'..#.....####
#.....##..#.......<.
#.....##..###+##....
#.....##..##...#....
#..##.{†.).....#...#....
#.....{s.......)...####.
#..##.....##..##...##...
#.....##..####'##...
......................
...............>.......
#######################


There were no monsters in sight!

Vanquished Creatures
  Grinder (D:3)
  2 orc wizards (D:4)
  An iguana (D:3)
  3 gnolls (D:3)
  6 adders
  3 worms (D:2)
  3 dart slugs
  2 orcs (D:3)
  4 bats
  6 endoplasms
  2 giant cockroaches
  12 goblins
  5 hobgoblins
  2 jackals (D:1)
  6 quokkas
  3 ball pythons
  5 kobolds
  8 rats
74 creatures vanquished.

Notes
Turn   | Place    | Note
-------+----------+-------------------------------------------
     0 | D:1      | FishyPogo the Gnoll Transmuter began the quest for the Orb.
     0 | D:1      | Reached XP level 1. HP: 17/17 MP: 6/6
    56 | D:1      | Reached XP level 2. HP: 20/23 MP: 7/7
    59 | D:1      | Learned a level 2 spell: Wereblood
   240 | D:1      | Found a faded altar of an unknown god.
   244 | D:1      | Prayed at the altar of an unknown god.
   244 | D:1      | Became a worshipper of Nemelex Xobeh the Trickster
   244 | D:1      | Reached * piety under Nemelex Xobeh
   244 | D:1      | Received a gift from Nemelex Xobeh
   398 | D:1      | Reached skill level 5 in Spellcasting
   398 | D:1      | Reached XP level 3. HP: 24/28 MP: 6/9
   402 | D:1      | Learned a level 3 spell: Spider Form
   633 | D:1      | Reached skill level 1 in Invocations
   837 | D:2      | Reached skill level 1 in Short Blades
   837 | D:2      | Reached skill level 1 in Long Blades
   837 | D:2      | Reached skill level 1 in Axes
   837 | D:2      | Reached skill level 1 in Maces & Flails
   837 | D:2      | Reached skill level 1 in Polearms
   837 | D:2      | Reached skill level 1 in Staves
   837 | D:2      | Reached skill level 1 in Ranged Weapons
   837 | D:2      | Reached skill level 1 in Throwing
   837 | D:2      | Reached skill level 1 in Armour
   837 | D:2      | Reached skill level 1 in Stealth
   837 | D:2      | Reached skill level 1 in Shields
   837 | D:2      | Reached skill level 1 in Evocations
   995 | D:2      | Reached XP level 4. HP: 30/34 MP: 9/11
  1145 | D:2      | Found Nyjoiv's Antique Armour Shop.
  1249 | D:2      | Reached skill level 1 in Conjurations
  1249 | D:2      | Reached skill level 1 in Hexes
  1249 | D:2      | Reached skill level 1 in Summonings
  1249 | D:2      | Reached skill level 1 in Necromancy
  1249 | D:2      | Reached skill level 1 in Translocations
  1249 | D:2      | Reached skill level 1 in Fire Magic
  1249 | D:2      | Reached skill level 1 in Ice Magic
  1249 | D:2      | Reached skill level 1 in Air Magic
  1249 | D:2      | Reached skill level 1 in Earth Magic
  1249 | D:2      | Reached skill level 1 in Poison Magic
  1684 | D:3      | Reached XP level 5. HP: 19/40 MP: 9/12
  1836 | D:3      | Noticed Grinder
  1896 | D:3      | Paralysed by Grinder for 2 turns
  1907 | D:3      | Killed Grinder
  1908 | D:3      | Reached skill level 5 in Dodging
  1908 | D:3      | Reached XP level 6. HP: 46/47 MP: 11/14
  1960 | D:3      | Reached ** piety under Nemelex Xobeh
  2334 | D:3      | Found a white marble altar of Elyvilon.
  2532 | D:3      | Received a gift from Nemelex Xobeh
  2793 | D:4      | Reached skill level 7 in Unarmed Combat
  2793 | D:4      | Reached XP level 7. HP: 14/52 MP: 12/15
  2801 | D:4      | HP: 1/52 [something (3)]
  2802 | D:4      | Gained mutation: Your skin changes colour to match your
                  | surroundings (Stealth+). [potion of mutation]
  2802 | D:4      | Slain by an orc wizard

Illustrated notes

Levels and vault maps discovered:
D:1:      scummos_arrival_hexagon, layout_rooms,
          shapermc_ecumenical_altar_petra, hangedman_decor_riveting,
          minmay_door_square
D:2:      layout_rooms, serial_shops, nicolae_lakefront_shop
D:3:      layout_basic, amcnicky_altar_gilded, st_stairs_1, chequers_jeans,
          nicolae_titane, uniq_grinder
D:4:      layout_gridville, serial_shops, shop

Skill      XL: |  1  2  3  4  5  6 |
---------------+-------------------+-----
Spellcasting   | 5 |  5.5
Invocations    | 1 2 |  2.5
Short Blades   | 1 2 |  2.3
Long Blades    | 1 2 |  2.3
Axes           | 1 2 |  2.3
Maces & Flails | 1 2 |  2.3
Polearms       | 1 2 |  2.3
Staves         | 1 2 |  2.3
Ranged Weapons | 1 2 |  2.3
Throwing       | 1 2 |  2.3
Armour         | 1 2 |  2.3
Stealth        | 1 2 |  2.3
Shields        | 1 2 |  2.3
Evocations     | 1 2 |  2.3
Conjurations   | 1 |  1.8
Hexes          | 1 |  1.8
Summonings     | 1 |  1.8
Necromancy     | 1 |  1.8
Translocations | 1 |  1.8
Fire Magic     | 1 |  1.8
Ice Magic      | 1 |  1.8
Air Magic      | 1 |  1.8
Earth Magic    | 1 |  1.8
Poison Magic   | 1 |  1.8
Fighting       | 3 |  3.5
Dodging        | 5 |  5.1
Transmutations | 4 |  4.2
Unarmed Combat | 7 |  7.0

Action                     |  1- 3 |  4- 6 |  7- 9 || total
---------------------------+-------+-------+-------++-------
  Melee: Unarmed           |    44 |    20 |     3 ||    67
         Kick              |    19 |    17 |       ||    36
         Dagger            |    40 |    82 |       ||   122
         Headbutt          |     5 |    16 |       ||    21
         Bite              |     4 |     6 |       ||    10
         Punch             |     3 |     1 |       ||     4
   Cast: Beastly Appendage |    20 |    17 |       ||    37
         Spider Form       |     2 |     3 |       ||     5
         Wereblood         |     1 |     1 |       ||     2
 Invoke: Draw Destruction  |       |     1 |     1 ||     2
    Use: Potion            |       |     1 |     5 ||     6
   Stab: Sleeping          |     2 |     4 |       ||     6
         Distracted        |       |     1 |       ||     1
 Armour: Robe              |     6 |     6 |       ||    12
         Skin              |       |     1 |     2 ||     3
  Dodge: Dodged            |    48 |    62 |     7 ||   117
